AoeStats
← JAGR | BkB

African Clearing

510423410Analyzed
4v4 RM · 3d ago on Sep 30, 2026· 39m 40s· 8 players
Game mode
Random Map
Map size
Large (8 player)
Population
200
Speed
Normal
Resources
Standard
Victory
Conquest
Starting age
Dark Age
Ending age
Imperial Age
RankedLock teamsTeams togetherTeam positionsShared explorationLock speedFull tech treeHidden civsTurbo modeCheats
Victory
Defeat
🇵🇪 Burgundians · Peru
1502
+11
🇵🇪 Mongols · Peru
1495
+11
🇨🇦 Huns · Canada
1483
+11
🇳🇴 Maya · Norway
1432
+14
🇵🇪 Mongols · Peru
1504
-16
🇨🇴 Huns · Colombia
1481
-15
🇻🇪 Italians · Venezuela
1326
-10
🇺🇸 Magyars · United States
1209
-6
GAX | This Game Isnt Fun
9:46 Loom
12:43 Feudal Age
14:25 Double-Bit Axe
21:27 Castle Age
19:55 Bloodlines
21:15 Fletching
22:07 Bodkin Arrow
24:08 Husbandry
28:22 Ballistics
30:05 Padded Archer Armor
33:43 Horse Collar
39:51 Wheelbarrow
Snavle
11:28 Feudal Age
11:51 Loom
16:49 Double-Bit Axe
21:00 Castle Age
19:46 Fletching
20:31 Padded Archer Armor
21:04 Crossbowman
22:08 Gold Mining
22:43 Bodkin Arrow
29:09 Ballistics
29:30 Leather Archer Armor
30:15 Thumb Ring
32:08 Wheelbarrow
31:18 Town Watch
39:00 Imperial Age
37:37 Stone Mining
38:06 Hand Cart
37:39 Horse Collar
38:14 Bow Saw
39:02 Squires
38:22 Eagle Warrior
39:16 Forging
39:06 Scale Mail Armor
39:19 Arbalester
DarkWolf110722
7:45 Loom
13:57 Feudal Age
18:00 Castle Age
16:22 Double-Bit Axe
17:44 Scale Barding Armor
23:23 Cavalier
27:29 Husbandry
28:21 Chain Barding Armor
29:51 Bow Saw
31:07 Forging
31:56 Wheelbarrow
31:38 Horse Collar
33:55 Iron Casting
34:23 Heavy Plow
36:47 Crop Rotation
41:02 Imperial Age
The_Night_Wolf
7:32 Loom
11:15 Feudal Age
11:46 Double-Bit Axe
22:32 Castle Age
21:21 Horse Collar
21:54 Gold Mining
23:06 Scale Barding Armor
27:09 Fletching
31:52 Stone Mining
32:14 Bodkin Arrow
32:46 Bow Saw
33:15 Wheelbarrow
34:46 Gold Shaft Mining
35:08 Ballistics
35:02 Padded Archer Armor
35:29 Husbandry
36:05 Heavy Plow
36:43 Leather Archer Armor
36:42 Bloodlines
39:06 Hand Cart
39:37 Stone Shaft Mining
42:33 Imperial Age
JAGR | Mazzei10
8:51 Loom
11:09 Feudal Age
16:01 Scale Barding Armor
17:09 Wheelbarrow
17:51 Bloodlines
23:43 Castle Age
22:45 Fletching
23:09 Double-Bit Axe
23:05 Horse Collar
23:18 Gold Mining
25:44 Bow Saw
25:35 Heavy Plow
28:10 Bodkin Arrow
29:53 Husbandry
32:59 Pikeman
34:03 Scale Mail Armor
35:28 Hand Cart
35:54 Thumb Ring
37:45 Ballistics
JAGR | BkB
5:38 Loom
13:48 Feudal Age
14:32 Double-Bit Axe
17:26 Castle Age
21:37 Fletching
21:48 Padded Archer Armor
39:15 Husbandry
JAGR | GoodByeWorld
13:54 Feudal Age
17:56 Castle Age
18:52 Loom
20:44 Double-Bit Axe
34:58 Horse Collar
36:50 Fletching
38:19 Bow Saw
38:34 Bodkin Arrow
Carmelo maradona
11:47 Loom
13:52 Feudal Age
19:35 Castle Age
17:53 Fletching
19:00 Double-Bit Axe
20:11 Bodkin Arrow
31:36 Ballistics
Connection lost

Rejoining the realm…

Still unreachable

The connection could not be restored.

Session expired

The server has moved on; the page needs a fresh start.